[ AOE2 MATCH · #479250203 ]
UnrankedBerbers vs Japanese
Player's team · WIN
Rival team · LOSS
[ REPLAY ANALYSIS · EXTRACTED FROM THE RECORDED GAME ]
Feudal
—
Castle
—
Imperial
13:00
| APM avg | 61.8 |
| APM peak | 1890 |
| eAPM avg | 28.6 |
| Villagers / military | 116 / 173 |
Focus
⚔️ 32.5% · 🌾 67.5%
Cavalry Archer ×93 · Camel Scout ×23 · Camel Archer ×12 · Trebuchet (Packed) ×10 · Skirmisher ×8 · Battering Ram ×8
Feudal
—
Castle
—
Imperial
8:59
| APM avg | 31.7 |
| APM peak | 987 |
| eAPM avg | 21.2 |
| Villagers / military | 67 / 166 |
Focus
⚔️ 34.4% · 🌾 65.6%
Knight ×118 · Scout Cavalry ×17 · Samurai ×14 · Spearman ×12 · Trebuchet (Packed) ×5
Match map
Initial resources + every placement click. Lines = walls · curves = elevation contours. ◆ gold · ⬟ stone · ● berries · ✦ relic · ◌ wall gap
Your base· Open — unwalled flank
Guerrero Xolotl's base· Open — unwalled flank
Smoothed initial terrain · ◌ = detected wall gap · hover for details
Inputs per minute
— Elamb - - Guerrero Xolotl
Build order — Elamb
First 150 of 380 actions detected
| 13:00 | Age | Imperial Age |
| 28:10 | Create | Villager (Male) |
| 28:10 | Create | Villager (Male) |
| 28:24 | Create | Skirmisher |
| 28:31 | Build | University |
| 28:36 | Research | Bodkin Arrow |
| 28:36 | Research | Padded Archer Armor |
| 28:39 | Create | Villager (Male) |
| 28:44 | Create | Camel Scout ×5 |
| 28:50 | Create | Villager (Male) |
| 28:53 | Create | Villager (Male) |
| 28:57 | Build | Farm |
| 28:59 | Create | Villager (Male) |
| 29:04 | Build | Farm |
| 29:04 | Build | Farm |
| 29:10 | Create | Villager (Male) |
| 29:17 | Research | Ballistics |
| 29:18 | Create | Villager (Male) |
| 29:19 | Create | Villager (Male) |
| 29:28 | Create | Villager (Male) |
| 29:35 | Build | House |
| 29:45 | Create | Villager (Male) |
| 29:51 | Create | Villager (Male) |
| 29:57 | Build | Archery Range |
| 30:30 | Create | Villager (Male) |
| 30:35 | Create | Camel Scout |
| 30:35 | Create | Camel Scout |
| 30:35 | Create | Camel Scout |
| 30:40 | Create | Villager (Male) |
| 30:44 | Build | Farm |
| 30:44 | Build | Farm |
| 30:44 | Build | Farm |
| 30:46 | Create | Skirmisher |
| 30:47 | Create | Skirmisher |
| 30:50 | Create | Villager (Male) |
| 30:57 | Build | House |
| 30:59 | Create | Villager (Male) |
| 31:08 | Build | Monastery |
| 31:09 | Build | Palisade Wall |
| 31:11 | Create | Villager (Male) |
| 31:14 | Create | Villager (Male) |
| 31:14 | Create | Villager (Male) |
| 31:18 | Create | Villager (Male) |
| 31:29 | Research | Horse Collar |
| 31:36 | Build | House |
| 31:48 | Create | Monk |
| 32:21 | Create | Villager (Male) |
| 32:21 | Create | Villager (Male) |
| 32:26 | Create | Camel Scout ×5 |
| 32:30 | Build | Farm |
| 32:31 | Build | Farm |
| 32:32 | Create | Skirmisher |
| 32:32 | Create | Skirmisher |
| 32:34 | Create | Monk |
| 32:39 | Create | Villager (Male) |
| 32:45 | Build | House |
| 32:47 | Build | House |
| 32:49 | Build | House |
| 33:07 | Create | Camel Scout ×5 |
| 33:37 | Create | Villager (Male) |
| 33:38 | Create | Villager (Male) |
| 33:38 | Create | Villager (Male) |
| 33:39 | Create | Villager (Male) |
| 33:45 | Build | Mining Camp |
| 33:46 | Create | Villager (Male) |
| 33:47 | Create | Villager (Male) |
| 33:51 | Create | Camel Scout |
| 33:51 | Create | Camel Scout |
| 33:53 | Create | Villager (Male) |
| 34:01 | Research | Elite Skirmisher (upgrade) |
| 34:10 | Build | House |
| 34:11 | Create | Monk |
| 34:18 | Build | Farm |
| 34:18 | Build | Farm |
| 34:24 | Research | Chain Barding Armor |
| 34:28 | Create | Villager (Male) |
| 34:51 | Create | Villager (Male) |
| 34:52 | Create | Villager (Male) |
| 35:00 | Build | House |
| 35:02 | Build | House |
| 35:18 | Build | Farm |
| 35:18 | Build | Farm |
| 35:36 | Create | Genitour ×5 |
| 35:41 | Create | Villager (Male) |
| 35:44 | Build | Farm |
| 35:44 | Build | Farm |
| 35:50 | Build | Mining Camp |
| 35:52 | Create | Villager (Male) |
| 36:01 | Build | Archery Range |
| 36:05 | Build | House |
| 36:05 | Build | House |
| 36:09 | Create | Villager (Male) |
| 36:10 | Create | Villager (Male) |
| 36:17 | Build | Farm |
| 36:17 | Build | Farm |
| 36:17 | Build | Farm |
| 36:18 | Build | Farm |
| 36:18 | Create | Villager (Male) |
| 36:38 | Create | Villager (Male) |
| 36:42 | Research | Wheelbarrow |
| 36:47 | Create | Villager (Male) |
| 37:06 | Create | Villager (Male) |
| 37:21 | Build | Dock |
| 37:27 | Create | Villager (Male) |
| 37:30 | Create | Skirmisher |
| 37:30 | Create | Skirmisher |
| 37:35 | Create | Villager (Male) |
| 37:54 | Research | Imperial Age |
| 38:20 | Build | Siege Workshop |
| 38:35 | Create | Cavalry Archer |
| 38:35 | Create | Cavalry Archer |
| 38:35 | Create | Cavalry Archer |
| 38:45 | Create | Villager (Male) |
| 38:46 | Create | Villager (Male) |
| 38:48 | Research | Masonry |
| 38:58 | Build | Lumber Camp |
| 38:59 | Create | Villager (Male) |
| 39:23 | Create | Scorpion |
| 39:53 | Create | Villager (Male) |
| 39:53 | Create | Villager (Male) |
| 39:58 | Build | Farm |
| 39:58 | Build | Farm |
| 39:58 | Build | Farm |
| 39:59 | Create | Villager (Male) |
| 40:15 | Build | Lumber Camp |
| 40:27 | Create | Villager (Male) |
| 40:31 | Build | Farm |
| 40:31 | Build | Farm |
| 40:31 | Build | Farm |
| 40:35 | Create | Villager (Male) |
| 41:05 | Create | Villager (Male) |
| 41:11 | Build | Archery Range |
| 41:12 | Create | Villager (Male) |
| 41:28 | Build | Archery Range |
| 41:41 | Create | Villager (Male) |
| 41:51 | Create | Villager (Male) |
| 41:54 | Create | Cavalry Archer ×5 |
| 42:03 | Research | Bloodlines |
| 42:08 | Research | Heavy Cavalry Archer (upgrade) |
| 42:10 | Create | Cavalry Archer |
| 42:10 | Create | Cavalry Archer |
| 42:12 | Build | Farm |
| 42:12 | Build | Farm |
| 42:12 | Build | Farm |
| 42:13 | Create | Villager (Male) |
| 42:27 | Create | Knight |
| 42:27 | Create | Knight |
| 42:47 | Build | Town Center |
| 43:00 | Create | Villager (Male) |
| 43:10 | Create | Villager (Male) |
Build order — Guerrero Xolotl
First 150 of 304 actions detected
| 8:59 | Age | Imperial Age |
| 28:12 | Create | Villager (Male) |
| 28:12 | Create | Villager (Male) |
| 28:12 | Create | Villager (Male) |
| 28:23 | Create | Villager (Male) |
| 28:41 | Create | Villager (Male) |
| 28:41 | Create | Villager (Male) |
| 28:45 | Create | Spearman |
| 28:45 | Create | Spearman |
| 28:45 | Create | Spearman |
| 29:00 | Create | Villager (Male) |
| 29:21 | Build | House |
| 29:50 | Create | Spearman |
| 29:56 | Build | House |
| 30:22 | Create | Knight |
| 30:41 | Create | Knight |
| 30:56 | Build | Town Center |
| 31:07 | Create | Spearman |
| 31:13 | Build | House |
| 31:37 | Create | Knight |
| 31:45 | Build | Monastery |
| 32:32 | Build | University |
| 32:53 | Build | Farm |
| 32:55 | Build | Farm |
| 33:38 | Build | Palisade Wall |
| 33:44 | Build | Farm |
| 33:46 | Create | Knight |
| 33:46 | Create | Knight |
| 33:53 | Create | Scout Cavalry |
| 33:53 | Create | Scout Cavalry |
| 33:53 | Create | Scout Cavalry |
| 33:58 | Research | Imperial Age |
| 34:02 | Build | Farm |
| 34:03 | Create | Villager (Male) |
| 34:03 | Create | Villager (Male) |
| 34:06 | Build | Farm |
| 34:10 | Build | Farm |
| 34:14 | Create | Villager (Male) |
| 34:14 | Create | Villager (Male) |
| 34:17 | Create | Spearman |
| 34:17 | Create | Spearman |
| 34:30 | Build | Blacksmith |
| 34:42 | Research | Town Watch |
| 34:43 | Research | Wheelbarrow |
| 34:55 | Build | House |
| 35:01 | Create | Villager (Male) |
| 35:04 | Create | Villager (Male) |
| 35:15 | Research | Horse Collar |
| 35:21 | Build | House |
| 35:37 | Research | Light Cavalry (upgrade) |
| 35:40 | Create | Villager (Male) |
| 36:16 | Build | Castle |
| 36:19 | Create | Villager (Male) |
| 36:19 | Create | Villager (Male) |
| 36:23 | Create | Villager (Male) |
| 36:26 | Create | Villager (Male) |
| 36:34 | Build | House |
| 36:36 | Research | Fletching |
| 36:40 | Research | Forging |
| 36:53 | Create | Villager (Male) |
| 36:57 | Create | Villager (Male) |
| 37:09 | Create | Scout Cavalry |
| 37:23 | Build | Farm |
| 37:25 | Create | Villager (Male) |
| 37:27 | Create | Villager (Male) |
| 37:28 | Create | Villager (Male) |
| 37:39 | Create | Trebuchet (Packed) |
| 37:39 | Create | Trebuchet (Packed) |
| 37:45 | Create | Villager (Male) |
| 37:51 | Create | Spearman |
| 37:51 | Create | Spearman |
| 37:58 | Create | Scout Cavalry |
| 38:12 | Build | Lumber Camp |
| 38:14 | Create | Villager (Male) |
| 38:16 | Create | Villager (Male) |
| 38:43 | Create | Samurai |
| 38:43 | Create | Samurai |
| 38:50 | Create | Villager (Male) |
| 38:52 | Create | Villager (Male) |
| 38:56 | Create | Scout Cavalry |
| 38:57 | Create | Scout Cavalry |
| 39:04 | Build | Stable |
| 39:11 | Create | Samurai |
| 39:39 | Create | Samurai |
| 39:39 | Create | Samurai |
| 40:36 | Create | Villager (Male) |
| 40:36 | Create | Villager (Male) |
| 40:39 | Create | Scout Cavalry |
| 40:39 | Create | Scout Cavalry |
| 40:39 | Create | Scout Cavalry |
| 41:13 | Create | Villager (Male) |
| 41:13 | Create | Villager (Male) |
| 41:35 | Create | Scout Cavalry |
| 41:35 | Create | Scout Cavalry |
| 41:46 | Create | Scout Cavalry |
| 41:46 | Create | Scout Cavalry |
| 41:56 | Create | Samurai |
| 41:56 | Create | Samurai |
| 42:01 | Create | Villager (Male) |
| 42:23 | Build | Stable |
| 42:27 | Research | Bloodlines |
| 42:44 | Create | Samurai |
| 42:48 | Create | Scout Cavalry |
| 43:04 | Create | Spearman |
| 43:04 | Create | Spearman |
| 43:05 | Create | Spearman |
| 43:44 | Create | Villager (Male) |
| 43:44 | Create | Villager (Male) |
| 44:10 | Create | Knight |
| 44:13 | Create | Knight |
| 44:35 | Create | Knight |
| 44:36 | Create | Knight |
| 45:20 | Create | Scout Cavalry |
| 45:20 | Create | Scout Cavalry |
| 45:26 | Create | Villager (Male) |
| 45:26 | Create | Villager (Male) |
| 46:35 | Create | Knight |
| 46:35 | Create | Knight |
| 46:37 | Create | Knight |
| 46:44 | Build | Farm |
| 46:55 | Research | Cavalier (upgrade) |
| 47:25 | Create | Samurai |
| 47:25 | Create | Samurai |
| 47:46 | Create | Knight |
| 47:46 | Create | Knight |
| 47:49 | Create | Knight |
| 48:20 | Research | Double-Bit Axe |
| 48:25 | Create | Villager (Male) |
| 48:25 | Create | Villager (Male) |
| 48:25 | Create | Villager (Male) |
| 48:25 | Create | Villager (Male) |
| 48:25 | Create | Villager (Male) |
| 48:31 | Build | Farm |
| 48:38 | Create | Knight |
| 48:38 | Create | Knight |
| 49:10 | Create | Villager (Male) |
| 49:13 | Build | Farm |
| 49:15 | Build | Farm |
| 49:37 | Build | Castle |
| 49:49 | Create | Samurai |
| 49:58 | Create | Knight |
| 49:58 | Create | Knight |
| 50:09 | Create | Knight |
| 50:09 | Create | Knight |
| 50:09 | Create | Knight |
| 50:37 | Create | Samurai |
| 50:37 | Create | Samurai |
| 51:06 | Create | Knight |
| 51:06 | Create | Knight |
| 51:10 | Create | Knight |
Match timeline
| 8:59 | Guerrero Xolotl · age_up imperial |
| 13:00 | Elamb · age_up imperial |
| 29:57 | Elamb · first_building Archery Range |
| 31:08 | Elamb · first_building Monastery |
| 31:09 | Elamb · wall_segment Palisade Wall x5 |
| 31:45 | Guerrero Xolotl · first_building Monastery |
| 33:38 | Guerrero Xolotl · wall_segment Palisade Wall x1 |
| 35:56 | Guerrero Xolotl · first_market_buy 100 stone |
| 36:16 | Guerrero Xolotl · first_building Castle |
| 37:21 | Elamb · first_building Dock |
| 37:52 | Elamb · first_market_buy 100 food |
| 38:20 | Elamb · first_building Siege Workshop |
| 39:04 | Guerrero Xolotl · first_building Stable |
| 49:25 | Guerrero Xolotl · first_market_sell 100 wood |
| 53:33 | Elamb · first_building Castle |
| 70:19 | Guerrero Xolotl · resign |
[ AI ANALYSIS · 1 CREDIT ]
What really happened in this match?
Wolo.gg analyzes every decision: build order, eco, micro, common mistakes by bracket. Personalized analysis on WhatsApp or Discord in 30 seconds.
Civ guide
Berbers
Map guide
LEA-T11 Stranded (Custom)
Perfil
Jugador #4756136